 Dungeon Crawl Stone Soup version 0.22-a0-803-gd6d8abe (webtiles) character file.

18 iamserjio the Firebug (level 2, -1/15 HPs)
             Began as a Tengu Fire Elementalist on July 22, 2018.
             Slain by an adder (2 damage)
             ... on level 2 of the Dungeon.
             The game lasted 00:02:08 (259 turns).

iamserjio the Firebug (Tengu Fire Elementalist)      Turns: 259, Time: 00:02:08

Health: -1/15      AC:  2    Str:  8    XL:     2   Next: 66%
Magic:  0/6        EV: 12    Int: 15    God:
Gold:   15         SH:  0    Dex: 14    Spells: 4/5 levels left

rFire    . . .     SeeInvis .   h - +0 club
rCold    . . .     Gourm    .   (no shield)
rNeg     . . .     Faith    .   a - +0 robe
rPois    .         Spirit   .   (helmet restricted)
rElec    .         Reflect  .   (no cloak)
rCorr    .         Harm     .   (no gloves)
MR       .....                  (boots unavailable)
Stlth    ++........             (no amulet)
HPRegen  0.05/turn              (no ring)
MPRegen  0.10/turn              (no ring)

@: lethally poisoned (-1 -> -7)
A: beak, talons 3
a: no special abilities


You were on level 2 of the Dungeon.
You were not hungry.

You visited 1 branch of the dungeon, and saw 2 of its levels.

You collected 15 gold pieces.

Inventory:

Hand Weapons
 h - a +0 club (weapon)
Missiles
 f - 13 stones (quivered)
Armour
 a - a +0 robe (worn)
Scrolls
 d - a scroll of fog {unknown}
 e - a scroll of amnesia {unknown}
 j - a scroll of identify {unknown}
Potions
 b - a potion of curing {@q1}
 g - 2 potions of cancellation {unknown}
 i - 2 potions of mutation {unknown}
Comestibles
 c - 2 rations


   Skills:
 - Level 2.1 Dodging
 - Level 2.0 Stealth
 - Level 2.0 Spellcasting
 + Level 2.6 Conjurations
 + Level 3.8 Fire Magic


You had 4 spell levels left.
You knew the following spells:

 Your Spells              Type           Power        Failure   Level  Hunger
a - Flame Tongue          Conj/Fire      ##...        6%          1    #......

Your spell library contained the following spells:

 Spells                   Type           Power        Failure   Level  Hunger
 Fireball                 Conj/Fire      ##........   86%         5    ######.
 Conjure Flame            Conj/Fire      ##......     19%         3    ###....
 Throw Flame              Conj/Fire      ##....       9%          2    ###....
 Sticky Flame             Conj/Fire      ##......     52%         4    #####..
 Inner Flame              Hex/Fire       #.......     30%         3    ###....


Dungeon Overview and Level Annotations

Branches:
Dungeon (2/15)

Altars:


Innate Abilities, Weirdness & Mutations

You have a beak for a mouth.
You have claws for feet.


Message History

You miss the adder. Your kick misses the adder.
The adder is almost dead.
The adder barely misses you. The adder bites you.
* * * LOW HITPOINT WARNING * * *
You closely miss the adder.
The adder is almost dead.
The bat hits you but does no damage. The adder closely misses you.
The bat misses you.
You closely miss the adder.
The adder is almost dead.
The bat hits you but does no damage. The adder closely misses you.
The adder misses you.
Okay, then.
You closely miss the adder. Your kick misses the adder.
The adder is almost dead.
The adder bites you.
* * * LOW HITPOINT WARNING * * *
You are lethally poisoned!
The adder poisons you! The adder bites you.
You die...

#.......# ##
#r......###!.
......r......
#........##.##
#......†.##..
#.........#.#
####.###..#.#
.###..S.##
#.......b@<#
#......#..##
#......##.#
.......##.#
.......##.#
....#####..
.... ##. .


You could see an adder, a bat and a rat.

Vanquished Creatures
  2 dart slugs (D:1)
  A bat (D:1)
  2 hobgoblins
  4 goblins (D:1)
  4 kobolds
  A rat (D:1)
14 creatures vanquished.

Notes
Turn   | Place    | Note
-------+----------+-------------------------------------------
     0 | D:1      | iamserjio the Tengu Fire Elementalist began the quest for the Orb.
     0 | D:1      | Reached XP level 1. HP: 10/10 MP: 4/4
   119 | D:1      | Reached XP level 2. HP: 8/15 MP: 0/6
   259 | D:2      | Slain by an adder

Vault maps used:
D:1:      minmay_arrival_widening_spiral_wide
D:2:      nemelex_dance_club_becter

Skill      XL: |  1 |
---------------+----+-----
Conjurations   | 2 |  2.6
Dodging        | |  2.1
Stealth        | |  2.0
Spellcasting   | |  2.0
Fire Magic     | |  3.8

Action                   || total
-------------------------++-------
Melee: Peck              ||     3
       Unarmed           ||     1
       Kick              ||     1
       Club              ||    14
 Cast: Flame Tongue      ||    19
  Use: Potion            ||     1
 Stab: Sleeping          ||     1
Armor: Robe              ||     9
Dodge: Dodged            ||    23

Table legend:
 A = Spawn XP
 B = Non-spawn XP
 C = Spawn XP percentage of total XP
 D = Spawn monster count
 E = Non-spawn monster count
 F = Spawn count percentage of total count
 G = Total turns spent on level
                    A         B        C        D         E        F      G
               +---------+---------+-------+---------+---------+-------+---------
         Total |       0 |      26 |   0.0 |       0 |      14 |   0.0 |   259
               +---------+---------+-------+---------+---------+-------+---------
           D:1 |       0 |      23 |   0.0 |       0 |      12 |   0.0 |   234
           D:2 |       0 |       3 |   0.0 |       0 |       2 |   0.0 |    25
               +---------+---------+-------+---------+---------+-------+---------
